 Dungeon Crawl Stone Soup version 0.21.0-25-ge575cb9 (webtiles) character file.

24182 lydgate the Geomancer (level 13, -10/78 HPs)
             Began as a Gargoyle Earth Elementalist on Jan 25, 2018.
             Was an Elder of Vehumet.
             Mangled by a death yak (21 damage)
             ... on level 4 of the Lair of Beasts on Jan 26, 2018.
             The game lasted 02:00:51 (15175 turns).

lydgate the Geomancer (GrEE)                       Turns: 15175, Time: 02:00:52

Health: -10/78     AC: 16    Str: 12    XL:     13   Next: 11%
Magic:  31/33      EV: 13    Int: 24    God:    Vehumet [****..]
Gold:   474        SH:  9    Dex: 10    Spells: 11/26 levels left

rFire    . . .     SeeInvis .   m - staff of earth
rCold    . . .     Gourm    .   N - +0 shield
rNeg     + . .     Faith    .   o - +1 robe
rPois    ∞         Spirit   .   O - +0 helmet {Int+3}
rElec    +         Reflect  .   (no cloak)
rCorr    .         Harm     .   L - +1 pair of gloves
MR       .....                  (no boots)
Stlth    ++........             (no amulet)
HPRegen  0.23/turn              K - ring of wizardry
MPRegen  0.23/turn              u - ring of magical power

@: about to teleport, invisible
A: negative energy resistance 1, electricity resistance, unbreathing,
petrification resistance, rot immunity, AC +9
a: Renounce Religion


You were on level 4 of the Lair of Beasts.
You worshipped Vehumet.
Vehumet was greatly pleased with you.
You were not hungry.

You visited 2 branches of the dungeon, and saw 14 of its levels.
You also visited: Ossuary.

You collected 976 gold pieces.
You spent 502 gold pieces at shops.

Inventory:

Missiles
 b - 132 stones (quivered)
 y - a throwing net
Armour
 o - a +1 robe (worn)
 L - a +1 pair of gloves (worn)
 N - a +0 shield (worn)
 O - a +0 helmet of intelligence (worn)
Magical Staves
 m - an uncursed staff of earth (weapon)
Jewellery
 a - an uncursed ring of resist corrosion
 u - a ring of magical power (right hand)
 H - an uncursed ring of protection from magic
 K - a ring of wizardry (left hand)
 T - an uncursed ring of poison resistance
 U - an uncursed ring of ice
Wands
 l - a wand of random effects (27)
 x - a wand of scattershot (10)
 M - a wand of enslavement (18)
Scrolls
 f - 5 scrolls of fog
 j - 3 scrolls of enchant armour
 q - 3 scrolls of teleportation
 s - 2 scrolls of blinking
 t - a scroll of immolation {unknown}
 v - a scroll of magic mapping
 z - 2 scrolls of enchant weapon {unknown}
 A - 3 scrolls of fear
 B - 4 scrolls of amnesia
 D - a scroll of identify
 E - 4 scrolls of remove curse
 F - a scroll of vulnerability {unknown}
 I - 2 scrolls of acquirement {unknown}
Potions
 c - 7 potions of haste
 g - 2 potions of brilliance {unknown}
 h - 3 potions of cancellation
 i - 6 potions of curing
 k - 4 potions of agility
 p - 3 potions of flight {unknown}
 w - 2 potions of might {unknown}
 C - 2 potions of invisibility
 J - 2 potions of berserk rage {unknown}
 P - 2 potions of resistance
 Q - 2 potions of mutation {unknown}
 R - a potion of lignification {unknown}
 S - a potion of heal wounds
Books
 e - a book of Geomancy

   Spells                             Type                      Level
   a - Sandblast                      Earth                        1
   b - Passwall                       Transmutation/Earth          2
   c - Stone Arrow                    Conjuration/Earth            3
   d - Petrify                        Transmutation/Earth          4
   e - Lee's Rapid Deconstruction     Earth                        5
 r - a book of Minor Magic

   Spells                             Type                      Level
   a - Magic Dart                     Conjuration                  1
   b - Blink                          Translocation                2
   c - Call Imp                       Summoning                    2
   d - Slow                           Hexes                        2
   e - Conjure Flame                  Conjuration/Fire             3
   f - Mephitic Cloud                 Conjuration/Poison/Air       3
 G - a book of Debilitation

   Spells                             Type                      Level
   a - Corona                         Hexes                        1
   b - Slow                           Hexes                        2
   c - Inner Flame                    Hexes/Fire                   3
   d - Portal Projectile              Hexes/Translocation          3
   e - Cause Fear                     Hexes                        4
   f - Leda's Liquefaction            Hexes/Earth                  4
Comestibles
 d - 12 rations
 n - 3 chunks of flesh


   Skills:
 + Level 7.7 Fighting
 + Level 6.8 Staves
 + Level 7.5 Armour
 + Level 6.2 Dodging
 - Level 2.1 Stealth
 + Level 6.4 Shields
 + Level 7.4 Spellcasting
 + Level 7.9 Conjurations
   Level 0.7 Transmutations
 + Level 4.7 Fire Magic
 + Level 10.0 Earth Magic
 + Level 6.2 Evocations


You had 11 spell levels left.
You knew the following spells:

 Your Spells              Type           Power        Failure   Level  Hunger
a - Sandblast             Erth           ######       1%          1    None
b - Stone Arrow           Conj/Erth      ######       1%          3    None
c - Conjure Flame         Conj/Fire      #####...     1%          3    None
d - Lee's Rapid Deconstr  Erth           ######....   1%          5    #####..
e - Magic Dart            Conj           ####         1%          1    None
f - Blink                 Tloc           N/A          12%         2    None


Dungeon Overview and Level Annotations

Branches:
Dungeon (9/15)             Temple (0/1) D:6            Lair (5/6) D:9
 Spider (0/4) Lair:3
  Swamp: Lair:2-4    Shoals: Lair:2-4     Slime: Lair:5-6       Orc: D:9-12

Altars:
Ashenzari
Fedhas
Gozag
Hepliaklqana
Nemelex Xobeh
Ru
Trog
Vehumet
Wu Jian
Xom
Yredelemnul
Zin
The Shining One

Shops:
D:5 [

Annotations:
Lair:4 Nessos
Lair:5 Urug


Innate Abilities, Weirdness & Mutations

You are resistant to torment.
Your stone body is resilient. (AC +9)
You are immune to poison.
You resist negative energy. (rN+)
You are resistant to electric shocks. (rElec)
You can survive without breathing.
You are immune to petrification.
You are immune to rotting.


Message History

Level annotation: Nessos A black mamba comes into view.
There is a stone staircase leading down here.
Nessos shouts!
Nessos wields a longbow of flaming.
It bursts into flame!
Nessos shoots an arrow.
You block the arrow.
You see here an arrow.
As you read the scroll of teleportation, it crumbles to dust.
You feel strangely unstable. The death yak gores you.
Nessos shoots an arrow.
The arrow hits you! The arrow burns you. You block the black mamba's attack.
Nessos shoots an arrow.
The arrow hits you!! The arrow burns you.
* * * LOW HITPOINT WARNING * * *
The death yak gores you!
* * * LOW HITPOINT WARNING * * *
You block the black mamba's attack.
You see here an arrow.
You fade into invisibility!
You block the black mamba's attack. The death yak gores you!!
You die...

#.#.'.### ####.......##..###.....
####..#.### #......#####.# #...+#
####'.#..# ##.#.....##### ##.#.#
##........###.........# #...#
..........##...#.[...########...#
#..............#.........#.#....#
##.........c#P.#.P....P....+.[..#
#.........≈#..........#####.....#
.+.........≈....@S...## ##.....
...........#≈.≈.(Y.≈.# #.....'
##..........≈≈≈≈..≈≈.## ##....#
#...'.#PP..≈≈≈≈≈≈≈≈≈≈# #.#..#
##....#####.≈≈≈≈≈≈≈≈≈≈# ##.###
.....P# ##.≈≈≈≈≈≈≈≈.# ###
#.P###### #.≈≈≈≈≈≈≈≈.## ........#
#...≈≈≈≈....# ........#
##..........#


You could see a death yak, Nessos and a black mamba.

Vanquished Creatures
  Gastronok (D:8)
  A hydra (Lair:3)
  A two-headed ogre (D:9)
  The ghost of dobroeutro the Covert, a novice DsFi of Okawaru (D:8)
  Pikel (D:8)
  6 elephants
  A black mamba (Lair:1)
  10 spiny frogs
  A torpor snail (Lair:2)
  A molten gargoyle (Lair:1)
  A kobold demonologist (D:9)
  A rime drake (Lair:2)
  3 komodo dragons
  A hornet (Lair:2)
  3 jumping spiders (Lair:3)
  A troll (D:9)
  Prince Ribbit (D:6)
  2 hippogriffs
  9 blink frogs
  7 dream sheep (Lair:4)
  A shadow (D:9)
  5 redbacks (Lair:3)
  12 yaks
  A basilisk (Lair:2)
  2 swamp worms (Lair:4)
  11 porcupines
  2 water moccasins (Lair:1)
  A hornet zombie (D:8)
  3 orc warriors
  2 sky beasts
  5 necrophages (Lair:4)
  5 ogres
  2 centaurs
  10 crocodiles
  6 bullfrogs
  A scorpion (D:7)
  7 wights
  An electric eel (Lair:5)
  A centaur zombie (D:6)
  5 crimson imps
  A lava snake (Lair:2)
  A quasit (D:8)
  3 orc priests
  4 hounds
  A gnoll shaman (D:4)
  5 orc wizards
  A bullfrog skeleton (D:5)
  A centaur skeleton (D:9)
  6 worker ants
  8 mummies (Ossuary)
  2 worker ant zombies
  9 gnolls
  A howler monkey skeleton (D:5)
  17 adders
  3 shadow imps
  2 oozes
  3 dart slugs
  2 worms
  5 leopard geckos
  23 orcs
  3 bats
  6 giant cockroaches
  A gnoll zombie (Ossuary)
  11 goblins
  9 hobgoblins
  4 jackals
  4 quokkas
  2 ball pythons
  4 frilled lizards
  4 hobgoblin zombies (Ossuary)
  A jackal skeleton (D:8)
  7 kobolds
  A leopard gecko skeleton (D:4)
  3 orc zombies (Ossuary)
  A quokka zombie (D:5)
  9 rats
  A rat zombie (D:5)
  A fungus (Lair:1)
306 creatures vanquished.

Vanquished Creatures (others)
  A slave (D:8)
  21 fungi
  29 plants
51 creatures vanquished.

Grand Total: 357 creatures vanquished

Notes
Turn   | Place    | Note
-------+----------+-------------------------------------------
     0 | D:1      | lydgate the Gargoyle Earth Elementalist began the quest for the Orb.
     0 | D:1      | Reached XP level 1. HP: 10/10 MP: 3/3
   129 | D:1      | Reached XP level 2. HP: 14/15 MP: 0/5
   164 | D:1      | Reached skill level 4 in Earth Magic
   385 | D:1      | Reached XP level 3. HP: 19/19 MP: 3/6
   390 | D:1      | Learned a level 3 spell: Stone Arrow
  1271 | D:2      | Found a bloodstained altar of Trog.
  1278 | D:2      | Found a sparkling altar of Nemelex Xobeh.
  1280 | D:2      | Found a sacrificial altar of Ru.
  1281 | D:2      | Found a glowing golden altar of the Shining One.
  1281 | D:2      | Found a glowing silver altar of Zin.
  1283 | D:2      | Found an ornate altar of the Wu Jian Council.
  1285 | D:2      | Found a hazy altar of Hepliaklqana.
  1409 | D:2      | Found a radiant altar of Vehumet.
  1411 | D:2      | Reached XP level 4. HP: 24/24 MP: 5/8
  1448 | D:2      | Became a worshipper of Vehumet
  1836 | D:3      | Learned a level 3 spell: Conjure Flame
  1941 | D:2      | Reached skill level 1 in Conjurations
  2287 | D:3      | Reached skill level 5 in Earth Magic
  2287 | D:3      | Reached XP level 5. HP: 28/28 MP: 1/9
  2726 | D:4      | Reached * piety under Vehumet
  2726 | D:4      | Offered knowledge of Shock by Vehumet.
  2823 | D:4      | Reached XP level 6. HP: 32/32 MP: 10/11
  2845 | D:4      | Learned a level 5 spell: Lee's Rapid Deconstruction
  3005 | D:4      | Found an opulent altar of Gozag.
  3090 | D:4      | Reached skill level 1 in Fighting
  3090 | D:4      | Reached skill level 1 in Armour
  3124 | D:4      | Reached skill level 1 in Staves
  3156 | D:4      | Reached XP level 7. HP: 30/38 MP: 5/12
  3355 | D:4      | Learned a level 1 spell: Magic Dart
  3384 | D:5      | Entered Level 5 of the Dungeon
  3509 | D:5      | Found a sand-covered staircase.
  3539 | Ossuary  | Entered an ossuary
  3557 | Ossuary  | Reached skill level 1 in Evocations
  3738 | Ossuary  | Offered knowledge of Sting by Vehumet.
  4140 | D:5      | Reached ** piety under Vehumet
  4158 | D:5      | Reached skill level 6 in Earth Magic
  4259 | D:5      | Reached XP level 8. HP: 44/44 MP: 14/14
  4533 | D:5      | Found Irghupt's Antique Armour Shoppe.
  4599 | D:5      | Bought an embroidered robe for 118 gold pieces
  4599 | D:5      | Bought a pair of gloves for 144 gold pieces
  5326 | D:6      | Found a staircase to the Ecumenical Temple.
  5349 | D:6      | Reached XP level 9. HP: 51/51 MP: 16/16
  5457 | D:6      | Noticed Prince Ribbit
  5468 | D:6      | Killed Prince Ribbit
  5806 | D:7      | Reached skill level 7 in Earth Magic
  6005 | D:7      | Found a shimmering altar of Xom.
  6017 | D:7      | Offered knowledge of Static Discharge by Vehumet.
  6030 | D:7      | Found a shimmering altar of Xom.
  6272 | D:7      | Found a shimmering altar of Xom.
  6272 | D:7      | Found a shimmering altar of Xom.
  6272 | D:7      | Found a shimmering altar of Xom.
  6273 | D:7      | Found a shimmering altar of Xom.
  6274 | D:7      | Found a shimmering altar of Xom.
  6301 | D:7      | Found a blossoming altar of Fedhas.
  6382 | D:7      | Learned a level 2 spell: Blink
  6504 | D:8      | Noticed dobroeutro's ghost (novice DsFi)
  6547 | D:8      | Noticed Pikel
  6567 | D:8      | Killed Pikel
  6567 | D:8      | Reached skill level 1 in Shields
  6567 | D:8      | Reached skill level 5 in Spellcasting
  6793 | D:5      | Bought a shiny helmet for 240 gold pieces
  7087 | D:8      | Killed dobroeutro's ghost
  7087 | D:8      | Reached skill level 5 in Conjurations
  7164 | D:8      | Found a basalt altar of Yredelemnul.
  7203 | D:8      | Reached XP level 10. HP: 58/58 MP: 18/18
  7559 | D:8      | Noticed Gastronok
  7570 | D:8      | Killed Gastronok
  7570 | D:8      | Reached skill level 5 in Fighting
  7570 | D:8      | Reached skill level 5 in Armour
  7570 | D:8      | Reached skill level 8 in Earth Magic
  7959 | D:9      | Reached *** piety under Vehumet
  8392 | D:9      | Reached skill level 5 in Staves
  8392 | D:9      | Reached skill level 1 in Fire Magic
  8392 | D:9      | Reached XP level 11. HP: 61/64 MP: 6/20
  8625 | D:9      | Found a shattered altar of Ashenzari.
  8640 | D:9      | Found a staircase to the Lair.
  8647 | D:9      | Noticed a two-headed ogre
  8669 | D:9      | Killed a two-headed ogre
  8911 | D:9      | Reached skill level 5 in Dodging
  8929 | D:9      | Offered knowledge of Airstrike by Vehumet.
  9178 | Lair:1   | Entered Level 1 of the Lair of Beasts
  9864 | Lair:1   | Reached skill level 5 in Evocations
  9965 | Lair:1   | Reached skill level 9 in Earth Magic
 10366 | Lair:2   | Reached skill level 5 in Shields
 10900 | Lair:1   | Reached XP level 12. HP: 47/71 MP: 18/22
 11187 | Lair:2   | Reached **** piety under Vehumet
 11901 | Lair:2   | Offered knowledge of Venom Bolt by Vehumet.
 12584 | Lair:3   | Found a hole to the Spider Nest.
 12614 | Lair:3   | Noticed a five-headed hydra
 12623 | Lair:3   | Killed a five-headed hydra
 13420 | Lair:4   | Noticed Nessos
 13887 | Lair:4   | Reached XP level 13. HP: 76/77 MP: 1/24
 14816 | Lair:4   | Reached skill level 10 in Earth Magic
 15100 | Lair:5   | Noticed Urug
 15175 | Lair:4   | Mangled by a death yak

Skill      XL: |  1  2  3  4  5  6  7  8  9 10 11 12 13 |
---------------+----------------------------------------+-----
Earth Magic    | 4 5 6 7 8 9 10 | 10.0
Dodging        | 2 3 4 5 6 |  6.2
Spellcasting   | 3 4 5 6 7 |  7.4
Conjurations   | 1 2 3 4 5 6 7 |  7.9
Fighting       | 1 2 3 4 5 6 7 |  7.7
Armour         | 1 2 3 4 5 6 7 |  7.5
Staves         | 1 2 3 4 5 6 |  6.8
Evocations     | 1 2 3 4 5 6 |  6.2
Shields        | 2 4 5 6 |  6.4
Fire Magic     | 1 3 4 |  4.7
Stealth        | |  2.1
Transmutations | |  0.7

Action                   |  1- 3 |  4- 6 |  7- 9 | 10-12 | 13-15 || total
-------------------------+-------+-------+-------+-------+-------++-------
Melee: Whip              |    32 |       |       |       |       ||    32
       Mace              |     8 |    61 |       |       |       ||    69
       Staff             |       |     4 |    52 |    42 |     6 ||   104
 Cast: Sandblast         |    35 |    44 |    34 |   122 |    12 ||   247
       Stone Arrow       |     1 |    25 |    61 |   158 |    14 ||   259
       Magic Dart        |       |       |    71 |    91 |       ||   162
       Lee's Rapid Decon |       |       |     8 |    17 |     3 ||    28
       Conjure Flame     |       |       |       |    16 |     1 ||    17
       Blink             |       |       |       |    12 |       ||    12
  Use: Scroll            |     5 |     1 |    11 |     8 |     4 ||    29
       Potion            |       |       |       |     3 |     1 ||     4
 Stab: Sleeping          |     2 |       |     1 |       |       ||     3
       Distracted        |       |       |       |     1 |       ||     1
  Eat: Chunk             |     1 |     5 |     9 |    16 |     2 ||    33
       Ration            |     1 |       |     3 |     3 |     1 ||     8
Armor: Robe              |    17 |    38 |    27 |    53 |     9 ||   144
Dodge: Dodged            |    37 |    78 |    55 |    83 |     6 ||   259
Block: Shield            |       |       |       |    22 |    12 ||    34
